 Dungeon Sprint DCSS version 0.24-a0-525-g9231cdcba1 (webtiles) character file.

Game seed: 14904640042080546531

18 Carillon the Shield-Bearer (level 2, -1/18 HPs)
             Began as a Gargoyle Earth Elementalist on Aug 1, 2019.
             Was an Initiate of Vehumet.
             Slain by a merfolk
             ... wielding a +0 trident
              (19 damage)
             ... in the Dungeon (Sprint V: "Ziggurat Sprint").
             The game lasted 00:09:32 (164 turns).

Carillon the Shield-Bearer (GrEE)                    Turns: 164, Time: 00:09:32

Health: -1/18      AC:  5    Str: 11    XL:     2   Next: 66%
Magic:  4/5        EV:  6    Int: 27    God:    Vehumet [......]
Gold:   0          SH:  0    Dex: 10    Spells: 2/5 levels left

rFire    . . .     SeeInvis .   E - +6 shillelagh "Devastator" {shatter}
rCold    . . .     Gourm    .   v - +3 buckler
rNeg     + . .     Faith    .   c - +0 robe
rPois    ∞         Spirit   .   (no helmet)
rElec    +         Reflect  .   (no cloak)
rCorr    .         Harm     .   (no gloves)
MR       .....     NoTele   +   (no boots)
Stlth    ++........             (no amulet)
HPRegen  0.06/turn              F - +6 ring of intelligence
MPRegen  0.09/turn              G - +6 ring of intelligence

@: held
A: negative energy resistance 1, electricity resistance, unbreathing,
petrification resistance, rot immunity, AC +2
a: Renounce Religion


You were in the Dungeon.
You worshipped Vehumet.
Vehumet was noncommittal.
You were not hungry.

You visited 1 branch

Inventory:

Hand Weapons
 a - a +5 demon whip
 E - the +6 shillelagh "Devastator" (weapon) {shatter}
   (You found it in the Dungeon)
Missiles
 b - 28 stones (quivered)
Armour
 c - a +0 robe (worn)
 v - a +3 buckler (worn)
Magical Staves
 A - an uncursed staff of energy
Jewellery
 C - an uncursed ring of flight
 F - a +6 ring of intelligence (left hand)
 G - a +6 ring of intelligence (right hand)
Wands
 x - a wand of disintegration (7)
 y - a wand of iceblast (6)
 z - a wand of acid (6)
Scrolls
 j - 4 scrolls of blinking
 p - 4 scrolls of amnesia
 q - 7 scrolls of fog
 r - a scroll of holy word
 s - 5 scrolls of identify
 t - 5 scrolls of remove curse
 u - 2 scrolls of fear
Potions
 e - 10 potions of curing
 f - 9 potions of heal wounds
 g - 6 potions of haste
 h - 7 potions of magic
 i - 3 potions of berserk rage
 k - 2 potions of invisibility
 l - 4 potions of resistance
 n - 5 potions of agility
 o - 5 potions of might
 w - 2 potions of brilliance
Miscellaneous
 B - a crystal ball of energy
 J - a lightning rod (4/4)
Comestibles
 d - 7 rations
 m - 2 chunks of flesh


   Skills:
 + Level 2.7 Fighting
 + Level 2.4 Maces & Flails
 + Level 0.3(1.5) Staves
 + Level 2.6 Armour
 + Level 2.7 Dodging
 - Level 2.1 Stealth
 + Level 3.8 Shields
 + Level 2.1 Spellcasting
   Level 2.5 Conjurations
 - Level 0.7 Transmutations
 + Level 3.7 Earth Magic
 + Level 2.2 Evocations


You had 2 spell levels left.
You knew the following spells:

 Your Spells              Type           Power        Failure   Level  Hunger
a - Sandblast             Erth           ###...       1%          1    None
g - Passwall              Tmut/Erth      ##......     6%          2    ##.....

Your spell library contained the following spells:

 Spells                   Type           Power        Failure   Level  Hunger
 Summon Small Mammal      Summ           #...         10%         1    None
 Stone Arrow              Conj/Erth      ###...       8%          3    ###....
 Petrify                  Tmut/Erth      ##......     36%         4    ####...
 Lee's Rapid Deconstruct  Erth           ###.......   50%         5    ######.
 Summon Ice Beast         Ice/Summ       #.......     67%         4    ####...
 Summon Demon             Summ           #.........   95%         5    ######.
 Summon Forest            Summ/Tloc      #.........   95%         5    ######.
 Summon Mana Viper        Hex/Summ       #.......     95%         5    ######.


Dungeon Overview and Level Annotations

Branches:
Dungeon (1/1)

Altars:
Ashenzari
Cheibriados
Dithmenos
Elyvilon
Fedhas
Gozag
Hepliaklqana
Kikubaaqudgha
Makhleb
Nemelex Xobeh
Okawaru
Qazlal
Ru
Sif Muna
Trog
Uskayaw
Vehumet
Wu Jian
Xom
Yredelemnul
Zin
The Shining One
Beogh
Jiyva
Lugonu

Annotations:
D 1 transporter


Innate Abilities, Weirdness & Mutations

You are resistant to torment.
Your stone body is resilient. (AC +2)
You are immune to poison.
You resist negative energy. (rN+)
You are resistant to electric shocks. (rElec)
You can survive without breathing.
You are immune to petrification.
You are immune to rotting.


Message History

The merfolk is moderately wounded.
The iceblast engulfs the merfolk!
The merfolk is moderately wounded.
The iceblast engulfs the merfolk!
The merfolk is moderately wounded.
Evoke which item? (* to show all) (? for menu, Esc to quit)
Aiming: Corrosive Bolt
Press: ? - help, Shift-Dir - straight line, f/p - merfolk
Aim: a merfolk, wielding a +0 trident (moderately wounded)
The bolt of acid hits the merfolk!
The merfolk is splashed with acid.
The acid corrodes the merfolk!
The merfolk is heavily wounded.
The bolt of acid misses the merfolk.
The merfolk hits you from afar with a +0 trident!
Ouch! That really hurt!
* * * LOW HITPOINT WARNING * * *
You feel much better.
The merfolk hits you from afar with a +0 trident!!
Ouch! That really hurt!
You die...

▓▓▓▓▓▓▓▓▓▓▓▓▓
▓.8©8.▓.8©8.▓
▓.}}=.▓.....▓
▓.....▓...).▓
▓.....▓..÷..▓
▓.mmm.▓.....▓
▓.....▓..©..▓
▓..@..▓▓▓▓▓▓▓
▓▓▓▓▓▓▓


You could see 3 merfolk.

Vanquished Creatures
  A river rat (D)
  A jackal (D)
2 creatures vanquished.

Vanquished Creatures (others)
  A death ooze (D)
  Psyche (D)
  Jessica (D)
  Terence (D)
4 creatures vanquished.

Grand Total: 6 creatures vanquished

Notes
Turn   | Place    | Note
-------+----------+-------------------------------------------
     0 | D        | Carillon the Gargoyle Earth Elementalist began the quest
                  | for the Orb.
     0 | D        | Reached XP level 1. HP: 10/10 MP: 3/3
     0 | D        | Found a deep blue altar of Sif Muna.
     0 | D        | Found a bloodstained altar of Trog.
     0 | D        | Found a sacrificial altar of Ru.
     0 | D        | Found a stormy altar of Qazlal.
     0 | D        | Found an iron altar of Okawaru.
     1 | D        | Found a sparkling altar of Nemelex Xobeh.
     1 | D        | Found a blossoming altar of Fedhas.
     2 | D        | Found the +6 Majin-Bo {vamp, Archmagi MP+6 Int+6}
     2 | D        | Found the +7 great mace "Firestarter" {inner flame, rF++}
     3 | D        | Found a transporter.
     3 | D        | Found an ancient bone altar of Kikubaaqudgha.
     3 | D        | Found a viscous altar of Jiyva.
     3 | D        | Found a corrupted altar of Lugonu.
     3 | D        | Found a hazy altar of Hepliaklqana.
     3 | D        | Found a burning altar of Makhleb.
     3 | D        | Found an opulent altar of Gozag.
     3 | D        | Killed Terence
    15 | D        | Found the +9 heavy crossbow "Sniper" {velocity, Acc+∞ SInv}
    15 | D        | Found the +10 dark maul {crush}
    15 | D        | Found the +15 Maxwell's patent armour {-Cast -Tele rElec
                  | MR+ rCorr}
    15 | D        | Found the +18 shield of the Gong {rElec rN+ MR+ EV-5}
    15 | D        | Found the cursed +14 obsidian axe {chop, +Fly SInv *Curse}
    16 | D        | Found the +6 shillelagh "Devastator" {shatter}
    16 | D        | Found the +11 plutonium sword {*Contam Stlth-}
    16 | D        | Found the +8 lance "Wyrmbane" {slay drac, rPois rF+ rC+
                  | AC+3}
    16 | D        | Found the +9 sword of Zonguldrok {reap}
    16 | D        | Found the cursed +13 scythe of Curses {drain, *Curse}
    16 | D        | Found the +0 sword of Power
    16 | D        | Found the +7 mace of Variability {chain chaos}
    16 | D        | Found the +7 Singing Sword {slice, sonic wave}
    16 | D        | Found the +8 storm bow {elec, penet}
    64 | D        | Killed Jessica
    76 | D        | Killed Psyche
   109 | D        | Became a worshipper of Vehumet
   119 | D        | Reached XP level 2. HP: 18/18 MP: 5/5
   123 | D        | Learned a level 2 spell: Passwall
   141 | D        | Killed a death ooze
   143 | D        | Entered arena 2.
   143 | D        | Found a transporter.
   156 | D        | Got the Volume of Summoning
   160 | D        | Entered arena 3.
   160 | D        | Noticed a merfolk
   160 | D        | Noticed a merfolk
   160 | D        | Noticed a merfolk
   160 | D        | Found a transporter.
   164 | D        | Slain by a merfolk

Levels and vault maps discovered:
D:        sprint_v [room_start, room_1, room_2, room_3, room_4, room_5, room_6,
          room_7, room_8, room_9, room_10, room_11, room_12, room_13, room_14,
          room_15, room_16, room_17, room_18, room_19, room_20, room_21,
          room_22, room_23, room_24, room_25, room_26, room_27]

Skill      XL: |  1 |
---------------+----+-----
Fighting       | 2 |  2.7
Maces & Flails | 2 |  2.4
Armour         | 2 |  2.6
Dodging        | 2 |  2.7
Shields        | 3 |  3.8
Conjurations   | 2 |  2.5
Evocations     | 2 |  2.2
Staves         | |  0.3
Stealth        | |  2.1
Spellcasting   | |  2.1
Transmutations | |  0.7
Earth Magic    | |  3.7

Action                   || total
-------------------------++-------
 Cast: Sandblast         ||     2
Evoke: Wand              ||     2
  Use: Potion            ||     2
Block: Buckler           ||     1

Table legend:
 A = Non-vault XP
 B = Vault XP
 C = Vault XP percentage of total XP
 D = Non-vault monster count
 E = Vault monster count
 F = Vault count percentage of total count
                 A         B        C        D         E       F
            +---------+---------+-------+---------+---------+-------
      Total |       0 |      16 | 100.0 |       0 |       2 | 100.0
            +---------+---------+-------+---------+---------+-------
          D |       0 |      16 | 100.0 |       0 |       2 | 100.0
            +---------+---------+-------+---------+---------+-------
